Rangers vs Canadiens

Created - Sunday, March 27, 2016 at 03:08

Goals
1 2 3 OT1 SO T
Rangers 0 2 2 0 1 4
Canadiens 2 2 0 0 2 5
Shots
1 2 3 OT1 SO T
Rangers 8 11 8 2 4 29
Canadiens 17 13 10 0 4 40

1st period

1. Canadiens , Braydon Coburn 5 (Joe Thornton, Ben Lovejoy) at 9:53 (PP)
2. Canadiens , Radim Vrbata 49 (Francois Beauchemin) at 11:05 (PP)

Penalties :
Zach Parise (NYR) for Roughing (Minor) at 6:58, Mike Weber (NYR) for Hooking (Minor) at 9:35, Tyler Bozak (NYR) for Holding (Minor) at 10:42, Justin Abdelkader (Mon) for Hooking (Minor) at 12:27, Kevin Shattenkirk (NYR) for Hooking (Minor) at 17:01

2nd period

3. Rangers , Anton Stralman 14 (Scott Hartnell, Logan Couture) at 3:05 (PP)
4. Canadiens , Mathieu Perreault 42 (Ryan Callahan, Francois Beauchemin) at 6:33 (PP)
5. Rangers , Michael Raffl 25 (Tyler Bozak, Anton Stralman) at 13:01 (PP)
6. Canadiens , Francois Beauchemin 12 (Radim Vrbata, Justin Abdelkader) at 19:44 (PP)

Penalties :
Gregory Campbell (Mon) for Holding (Minor) at 2:50, Jordan Staal (NYR) for Hooking (Minor) at 5:16, Kevin Shattenkirk (NYR) for Tripping (Minor) at 7:27, Jaromir Jagr (Mon) for Hooking (Minor) at 9:41, Francois Beauchemin (Mon) for Unsportsmanlike conduct (Minor) at 12:30, Tim Sestito (NYR) for Tripping (Minor) at 19:33

3rd period

7. Rangers , Keith Yandle 15 (Scott Hartnell, Logan Couture) at 3:05 (PP)
8. Rangers , Scott Hartnell 52 (Logan Couture, Andrej Sekera) at 7:47 (PP)

Penalties :
Francois Beauchemin (Mon) for Tripping (Minor) at 1:36, Francois Beauchemin (Mon) for Holding (Minor) at 7:11, Chris Terry (NYR) for Hooking (Minor) at 16:17

Overtime #1

No Goal

Penalties :
No Penalty

Shootout

Penalty Shot by Zach Parise for Rangers - Stopped by Pekka Rinne
Penalty Shot by Radim Vrbata for Canadiens - Goal!
Penalty Shot by Logan Couture for Rangers - Shot Misses the Net
Penalty Shot by Maxim Lapierre for Canadiens - Stopped by Tuukka Rask
Penalty Shot by Tyler Bozak for Rangers - Goal!
Penalty Shot by Justin Abdelkader for Canadiens - Stopped by Tuukka Rask
Penalty Shot by Scott Hartnell for Rangers - Stopped by Pekka Rinne
Penalty Shot by Mike Ribeiro for Canadiens - Goal!

Penalties :
No Penalty

Goalie Stats

Tuukka Rask (NYR), 36 saves from 40 shots - (0.900), OTL, 46-23-3, 65:00 minutes
Pekka Rinne (Mon), 25 saves from 29 shots - (0.862), W, 42-14-10, 65:00 minutes

Players Stats for Rangers

Player Name              G  A  P  +/- PIM S  H  SB GA TA FO     MP     PP MP  PK MP  
------------------------------------------------------------------------------------
Andrej Sekera            0  1  1   0  0   0  3  0  0  3  0/0    20:33   1:52   0:00 
Anton Stralman           1  1  2   0  0   1  0  2  1  1  0/0    31:33   3:59   6:03 
Chris Terry              0  0  0   0  2   0  0  0  2  0  0/0    11:16   0:00   0:01 
Drew Miller              0  0  0   0  0   0  1  0  0  0  0/0    12:08   0:00   0:00 
Jan Hejda                0  0  0   0  0   3  1  0  0  4  0/0    24:38   2:50   5:07 
Jordan Staal             0  0  0   0  2   2  0  0  1  0  5/9    12:07   0:00   0:00 
Keith Yandle             1  0  1   0  0   3  0  1  1  1  0/0    25:06   2:50   4:22 
Kevin Shattenkirk        0  0  0   0  4   2  0  2  0  1  0/0    13:10   2:07   2:07 
Logan Couture            0  3  3   0  0   3  2  0  2  1  9/17   26:06   3:28   7:41 
Michael Raffl            1  0  1   0  0   3  2  0  5  2  0/1    16:56   3:21   0:50 
Mike Weber               0  0  0   0  2   1  4  3  1  2  0/0    15:10   0:00   2:31 
Nathan Gerbe             0  0  0   0  0   2  1  0  1  0  1/4    15:44   3:21   0:00 
Nick Spaling             0  0  0   0  0   0  0  0  0  0  0/6     8:33   0:00   0:59 
Scott Hartnell           1  2  3   0  0   4  0  0  3  1  0/0    18:23   3:28   2:09 
Tim Sestito              0  0  0   0  2   1  1  0  0  0  0/0     7:05   0:00   0:00 
Tye McGinn               0  0  0   0  0   1  0  0  0  0  0/1     7:42   0:00   0:14 
Tyler Bozak              0  1  1   0  2   2  2  1  0  0  8/14   18:33   3:21   2:09 
Zach Parise              0  0  0   0  2   1  1  0  1  0  3/16   24:59   3:28   6:07 

Players Stats for Canadiens

Player Name              G  A  P  +/- PIM S  H  SB GA TA FO     MP     PP MP  PK MP  
------------------------------------------------------------------------------------
Alex Goligoski           0  0  0   0  0   1  2  4  0  0  0/0    31:43   5:43   5:55 
Ben Lovejoy              0  1  1   0  0   0  2  1  0  0  0/0    17:22   4:22   0:54 
Braydon Coburn           1  0  1   0  0   4  3  4  0  3  0/0    26:00   4:22   5:55 
Dennis Seidenberg        0  0  0   0  0   4  1  0  0  3  0/0    21:50   0:00   0:54 
Francois Beauchemin      1  2  3   0  6   3  2  2  1  2  0/0    21:56   5:43   0:00 
Gregory Campbell         0  0  0   0  2   0  2  2  3  0  0/0    11:35   0:00   5:36 
Jaromir Jagr             0  0  0   0  2   2  2  0  2  0  0/0    14:00   0:00   0:39 
Joe Thornton             0  1  1   0  0   4  2  1  3  0  14/23  20:49   5:37   0:58 
Justin Abdelkader        0  1  1   0  2   2  1  0  0  0  3/3    22:34   5:37   0:34 
Justin Fontaine          0  0  0   0  0   1  0  0  2  0  0/0     6:00   0:00   0:00 
Kevin Bieksa             0  0  0   0  0   2  1  2  0  0  0/0    11:04   0:00   0:00 
Mathieu Perreault        1  0  1   0  0   4  3  1  1  0  0/0    18:44   4:28   0:00 
Maxim Lapierre           0  0  0   0  0   0  2  1  1  3  8/17   11:51   0:00   5:51 
Mike Ribeiro             0  0  0   0  0   2  1  0  3  0  13/17  19:56   4:28   0:00 
Patrick Eaves            0  0  0   0  0   1  0  0  2  0  1/1    11:00   0:00   0:00 
Radim Vrbata             1  1  2   0  0   5  2  1  4  0  0/0    18:40   5:37   0:00 
Ryan Callahan            0  1  1   0  0   4  4  1  4  0  0/1    16:56   4:28   0:00 
Scott Gomez              0  0  0   0  0   1  0  0  0  0  3/6    11:00   0:00   0:00 

3 Stars

1 - Scott Hartnell (NYR)
2 - Radim Vrbata (Mon)
3 - Logan Couture (NYR)

Power Play

Rangers - 4 on 6 Attempt(s) - 66.67%
Canadiens - 4 on 8 Attempt(s) - 50.00%

Penalty Kill

Rangers - 4 on 8 Attempt(s) - 50.00% - Score 0 goal in Penalty Kill
Canadiens - 2 on 6 Attempt(s) - 33.33% - Score 0 goal in Penalty Kill

Team Stat

Rangers - Hits : 18 - Faceoff Wins : 26 - Blocked Shots : 9 - Penalty Minutes : 16
Canadiens - Hits : 30 - Faceoff Wins : 42 - Blocked Shots : 20 - Penalty Minutes : 12

Official

Referees : Unknown
Linesman : Unknown

Game Notes

Kevin Shattenkirk is injured at 11:45 of 2nd period (Strained Left Elbow)
19:44 of 2nd period - Canadiens goal is going for a video replay. After video review, Goal.

Finance

Level 1 -- Attendance: 5630 (93.83%) -- Ticket Income $461,660
Level 2 -- Attendance: 4785 (95.70%) -- Ticket Income $239,250
Level 3 -- Attendance: 2000 (100.00%) -- Ticket Income $56,000
Level 4 -- Attendance: 4000 (100.00%) -- Ticket Income $68,000
Luxury Box -- Attendance: 888 (88.80%) -- Ticket Income $155,400
Game was played at the Bell Centre.
Total Attendance: 17303 (96.13%)
Total Ticket Income: $980,310
Other Income: $480,352
Total Income: $1,460,662

Rangers

5 vs 5 Forward 
   Center                   Left Wing                Right Wing               Time % Phy DF OF 
 1 Logan Couture            Zach Parise              Scott Hartnell           35     1   2  2  
 2 Tyler Bozak              Michael Raffl            Nathan Gerbe             30     1   2  2  
 3 Jordan Staal             Drew Miller              Chris Terry              22     1   2  2  
 4 Nick Spaling             Tim Sestito              Tye McGinn               13     1   2  2  

5 vs 5 Defense 
   Defense                  Defense                                           Time % Phy DF OF 
 1 Kevin Shattenkirk        Anton Stralman                                    35     1   2  2  
 2 Keith Yandle             Jan Hejda                                         30     1   2  2  
 3 Andrej Sekera            Mike Weber                                        22     1   2  2  
 4 Kevin Shattenkirk        Anton Stralman                                    13     1   2  2  

PowerPlay Forward 
   Center                   Left Wing                Right Wing               Time % Phy DF OF 
 1 Logan Couture            Zach Parise              Scott Hartnell           60     1   2  2  
 2 Tyler Bozak              Michael Raffl            Nathan Gerbe             40     1   2  2  

PowerPlay Defense
   Defense                  Defense                                           Time % Phy DF OF 
 1 Kevin Shattenkirk        Anton Stralman                                    60     1   2  2  
 2 Keith Yandle             Jan Hejda                                         40     1   2  2  

Penalty Kill 4 Players Forward 
   Center                   Wing                     Time % Phy DF OF 
 1 Zach Parise              Logan Couture            60     1   2  2  
 2 Tyler Bozak              Scott Hartnell           40     1   2  2  

Penalty Kill 4 Players Defense
   Defense                  Defense                  Time % Phy DF OF 
 1 Kevin Shattenkirk        Anton Stralman           60     1   2  2  
 2 Keith Yandle             Jan Hejda                40     1   2  2  

Penalty Kill - 3 Players Forward 
   Forward                                           Time % Phy DF OF 
 1 Zach Parise                                       60     1   2  2  
 2 Logan Couture                                     40     1   2  2  

Penalty Kill - 3 Players Defense
   Defense                  Defense                  Time % Phy DF OF 
 1 Kevin Shattenkirk        Anton Stralman           60     1   2  2  
 2 Keith Yandle             Jan Hejda                40     1   2  2  

4 vs 4 Forward 
   Center                   Wing                     Time % Phy DF OF 
 1 Zach Parise              Logan Couture            60     1   2  2  
 2 Tyler Bozak              Scott Hartnell           40     1   2  2  

4 vs 4 Defense
   Defense                  Defense                  Time % Phy DF OF 
 1 Kevin Shattenkirk        Anton Stralman           60     1   2  2  
 2 Keith Yandle             Jan Hejda                40     1   2  2  

Last Minutes Offensive
   Center                   Left Wing                Right Wing               Defense                  Defense                  
   Logan Couture            Zach Parise              Scott Hartnell           Kevin Shattenkirk        Anton Stralman           

Last Minutes Defensive
   Center                   Left Wing                Right Wing               Defense                  Defense                  
   Logan Couture            Zach Parise              Scott Hartnell           Kevin Shattenkirk        Anton Stralman           

Goaltenders
Starting : Tuukka Rask              
Backup : Jonas Gustavsson         

Extra Forwards
Normal : Jordan Staal, Drew Miller, Nick Spaling - PP : Jordan Staal, Drew Miller - PK : Nick Spaling
Extra Defensemen
Normal : Andrej Sekera, Mike Weber, Keith Yandle - PP : Andrej Sekera - PK : Mike Weber, Keith Yandle
Penalty Shots
Zach Parise, Logan Couture, Tyler Bozak, Scott Hartnell, Jordan Staal

Canadiens

5 vs 5 Forward 
   Center                   Left Wing                Right Wing               Time % Phy DF OF 
 1 Joe Thornton             Justin Abdelkader        Radim Vrbata             31     1   1  3  
 2 Mike Ribeiro             Mathieu Perreault        Ryan Callahan            31     1   1  3  
 3 Scott Gomez              Patrick Eaves            Jaromir Jagr             27     1   1  3  
 4 Maxim Lapierre           Gregory Campbell         Justin Fontaine          11     1   3  1  

5 vs 5 Defense 
   Defense                  Defense                                           Time % Phy DF OF 
 1 Alex Goligoski           Dennis Seidenberg                                 40     1   2  2  
 2 Francois Beauchemin      Braydon Coburn                                    34     1   2  2  
 3 Kevin Bieksa             Ben Lovejoy                                       26     1   3  1  
 4 Francois Beauchemin      Dennis Seidenberg                                 0      1   2  2  

PowerPlay Forward 
   Center                   Left Wing                Right Wing               Time % Phy DF OF 
 1 Joe Thornton             Justin Abdelkader        Radim Vrbata             55     1   1  3  
 2 Mike Ribeiro             Mathieu Perreault        Ryan Callahan            45     1   1  3  

PowerPlay Defense
   Defense                  Defense                                           Time % Phy DF OF 
 1 Alex Goligoski           Francois Beauchemin                               60     1   1  3  
 2 Ben Lovejoy              Braydon Coburn                                    40     1   2  2  

Penalty Kill 4 Players Forward 
   Center                   Wing                     Time % Phy DF OF 
 1 Maxim Lapierre           Gregory Campbell         60     1   3  1  
 2 Joe Thornton             Justin Abdelkader        40     1   3  1  

Penalty Kill 4 Players Defense
   Defense                  Defense                  Time % Phy DF OF 
 1 Braydon Coburn           Alex Goligoski           60     1   3  1  
 2 Ben Lovejoy              Dennis Seidenberg        40     1   3  1  

Penalty Kill - 3 Players Forward 
   Forward                                           Time % Phy DF OF 
 1 Maxim Lapierre                                    60     1   3  1  
 2 Gregory Campbell                                  40     1   3  1  

Penalty Kill - 3 Players Defense
   Defense                  Defense                  Time % Phy DF OF 
 1 Braydon Coburn           Alex Goligoski           60     1   3  1  
 2 Ben Lovejoy              Dennis Seidenberg        40     1   3  1  

4 vs 4 Forward 
   Center                   Wing                     Time % Phy DF OF 
 1 Mike Ribeiro             Justin Abdelkader        60     1   2  2  
 2 Mathieu Perreault        Ryan Callahan            40     1   2  2  

4 vs 4 Defense
   Defense                  Defense                  Time % Phy DF OF 
 1 Alex Goligoski           Dennis Seidenberg        60     1   2  2  
 2 Braydon Coburn           Francois Beauchemin      40     1   2  2  

Last Minutes Offensive
   Center                   Left Wing                Right Wing               Defense                  Defense                  
   Joe Thornton             Justin Abdelkader        Radim Vrbata             Alex Goligoski           Francois Beauchemin      

Last Minutes Defensive
   Center                   Left Wing                Right Wing               Defense                  Defense                  
   Joe Thornton             Maxim Lapierre           Gregory Campbell         Alex Goligoski           Braydon Coburn           

Goaltenders
Starting : Pekka Rinne              
Backup : Curtis McElhinney        

Extra Forwards
Normal : Jaromir Jagr, Mathieu Perreault, Joe Thornton - PP : Jaromir Jagr, Mike Ribeiro - PK : Jaromir Jagr
Extra Defensemen
Normal : Francois Beauchemin, Braydon Coburn, Alex Goligoski - PP : Dennis Seidenberg - PK : Francois Beauchemin, Alex Goligoski
Penalty Shots
Radim Vrbata, Maxim Lapierre, Justin Abdelkader, Mike Ribeiro, Joe Thornton

% Time on Ice - Rangers

Lines # - Real PCT - Wanted PCT - Time Play
Normal Forward
1 - 30% - 35% - 12:56
2 - 29% - 30% - 12:38
3 - 24% - 22% - 10:26
4 - 16% - 13% - 7:06
Normal Defense
1 - 37% - 35% - 15:46
2 - 34% - 30% - 14:28
3 - 24% - 22% - 10:12
4 - 6% - 13% - 2:40
PP Forward
1 - 51% - 60% - 3:28
2 - 49% - 40% - 3:21
PP Defense
1 - 58% - 60% - 3:59
2 - 42% - 40% - 2:50
PK Forward
1 - 79% - 60% - 7:56
2 - 21% - 40% - 2:09
PK Defense
1 - 60% - 60% - 6:03
2 - 40% - 40% - 4:02
PK3 Forward
1 - 0% - 60%
2 - 0% - 40%
PK3 Defense
1 - 0% - 60%
2 - 0% - 40%
44 Forward
1 - 91% - 60% - 4:34
2 - 9% - 40% - 0:26
44 Defense
1 - 62% - 60% - 3:06
2 - 38% - 40% - 1:54
Last Minute Offensive  - 0:00
Last Minute Defensive  - 0:00
Total
Forward - 65:00
Defense - 65:00

% Time on Ice - Canadiens

Lines # - Real PCT - Wanted PCT - Time Play
Normal Forward
1 - 30% - 31% - 13:03
2 - 30% - 31% - 13:03
3 - 26% - 27% - 11:00
4 - 14% - 11% - 6:00
Normal Defense
1 - 40% - 40% - 17:15
2 - 32% - 34% - 14:00
3 - 26% - 26% - 11:04
4 - 2% - 0% - 0:47
PP Forward
1 - 56% - 55% - 5:37
2 - 44% - 45% - 4:28
PP Defense
1 - 57% - 60% - 5:43
2 - 43% - 40% - 4:22
PK Forward
1 - 86% - 60% - 5:51
2 - 14% - 40% - 0:58
PK Defense
1 - 87% - 60% - 5:55
2 - 13% - 40% - 0:54
PK3 Forward
1 - 0% - 60%
2 - 0% - 40%
PK3 Defense
1 - 0% - 60%
2 - 0% - 40%
44 Forward
1 - 100% - 60% - 5:00
2 - 0% - 40% - 0:00
44 Defense
1 - 57% - 60% - 2:50
2 - 43% - 40% - 2:10
Last Minute Offensive  - 0:00
Last Minute Defensive  - 0:00
Total
Forward - 65:00
Defense - 65:00

Play by Play

1st period


0:01 of 1st period - Joe Thornton wins face-off versus Logan Couture in neutral zone.
0:52 of 1st period - Slapshot by Keith Yandle.
0:52 of 1st period - Shot Blocked by Radim Vrbata.
1:08 of 1st period - Wrist shot by Michael Raffl.
1:08 of 1st period - Shot Blocked by Francois Beauchemin.
1:22 of 1st period - Snap shot by Ryan Callahan.
1:22 of 1st period - Stopped by Tuukka Rask without a rebound.
1:23 of 1st period - Scott Gomez wins face-off versus Jordan Staal in Rangers zone.
1:53 of 1st period - Kevin Bieksa is hit by Andrej Sekera and loses puck.
2:19 of 1st period - Drew Miller is hit by Gregory Campbell.
2:34 of 1st period - Anton Stralman is hit by Maxim Lapierre and loses puck.
3:00 of 1st period - Tim Sestito is hit by Mike Ribeiro and loses puck.
4:19 of 1st period - Scott Gomez is hit by Zach Parise and loses puck.
4:26 of 1st period - Keith Yandle is hit by Jaromir Jagr and loses puck.
4:31 of 1st period - Snap shot by Jaromir Jagr.
4:31 of 1st period - Deflect By Logan Couture.
4:31 of 1st period - Stopped by Tuukka Rask with a rebound.
4:51 of 1st period - Slapshot by Francois Beauchemin.
4:51 of 1st period - Stopped by Tuukka Rask without a rebound.
4:52 of 1st period - Tyler Bozak wins face-off versus Maxim Lapierre in Rangers zone.
4:57 of 1st period - Snap shot by Tyler Bozak.
4:57 of 1st period - Shot Blocked by Kevin Bieksa.
5:05 of 1st period - Michael Raffl is hit by Maxim Lapierre and loses puck.
5:36 of 1st period - Wrist shot by Mathieu Perreault.
5:36 of 1st period - Shot Misses the Net.
5:38 of 1st period - Slapshot by Kevin Bieksa.
5:38 of 1st period - Stopped by Tuukka Rask without a rebound.
5:39 of 1st period - Jordan Staal wins face-off versus Mike Ribeiro in Rangers zone.
5:39 of 1st period - Jordan Staal is hit by Mathieu Perreault.
6:09 of 1st period - Snap shot by Ryan Callahan.
6:09 of 1st period - Stopped by Tuukka Rask with a rebound.
6:11 of 1st period - Slapshot by Francois Beauchemin.
6:11 of 1st period - Stopped by Tuukka Rask with a rebound.
6:31 of 1st period - Scott Hartnell is hit by Jaromir Jagr and loses puck.
6:58 of 1st period - Minor Penalty to Zach Parise for Roughing.
6:59 of 1st period - Joe Thornton wins face-off versus Nick Spaling in Rangers zone.
7:30 of 1st period - Slapshot by Joe Thornton.
7:30 of 1st period - Shot Misses the Net.
7:32 of 1st period - Snap shot by Radim Vrbata.
7:32 of 1st period - Stopped by Tuukka Rask without a rebound.
7:33 of 1st period - Mike Ribeiro wins face-off versus Nick Spaling in Rangers zone.
7:54 of 1st period - Wrist shot by Mathieu Perreault.
7:54 of 1st period - Stopped by Tuukka Rask with a rebound.
7:56 of 1st period - Snap shot by Mike Ribeiro.
7:56 of 1st period - Deflect By Ryan Callahan.
7:56 of 1st period - Shot Blocked by Anton Stralman.
7:56 of 1st period - Puck is out of play.
7:57 of 1st period - Joe Thornton wins face-off versus Michael Raffl in Rangers zone.
8:58 of 1st period - Penalty to Zach Parise is over, Zach Parise is back on ice.
9:03 of 1st period - Anton Stralman is hit by Mathieu Perreault and loses puck.
9:25 of 1st period - Snap shot by Jaromir Jagr.
9:25 of 1st period - Deflect By Patrick Eaves.
9:25 of 1st period - Shot Misses the Net.
9:25 of 1st period - Puck is out of play.
9:26 of 1st period - Scott Gomez wins face-off versus Nathan Gerbe in Rangers zone.
9:35 of 1st period - Minor Penalty to Mike Weber for Hooking.
9:36 of 1st period - Joe Thornton wins face-off versus Zach Parise in Rangers zone.
9:43 of 1st period - Wrist shot by Joe Thornton.
9:43 of 1st period - Shot Misses the Net.
9:45 of 1st period - Snap shot by Justin Abdelkader.
9:45 of 1st period - Stopped by Tuukka Rask with a rebound.
9:47 of 1st period - Slapshot by Ben Lovejoy.
9:47 of 1st period - Deflect By Joe Thornton.
9:47 of 1st period - Stopped by Tuukka Rask with a rebound.
9:51 of 1st period - Wrist shot by Joe Thornton.
9:51 of 1st period - Stopped by Tuukka Rask with a rebound.
9:53 of 1st period - Snap shot by Braydon Coburn.
9:53 of 1st period - Goal by Braydon Coburn - Rangers : 0 - Canadiens : 1.
9:54 of 1st period - Joe Thornton wins face-off versus Nathan Gerbe in neutral zone.
10:25 of 1st period - Icing by Keith Yandle.
10:26 of 1st period - Mike Ribeiro wins face-off versus Nathan Gerbe in Rangers zone.
10:27 of 1st period - Snap shot by Ryan Callahan.
10:27 of 1st period - Stopped by Tuukka Rask with a rebound.
10:29 of 1st period - Snap shot by Braydon Coburn.
10:29 of 1st period - Shot Misses the Net.
10:31 of 1st period - Slapshot by Braydon Coburn.
10:31 of 1st period - Shot Blocked by Keith Yandle.
10:33 of 1st period - Snap shot by Mathieu Perreault.
10:33 of 1st period - Stopped by Tuukka Rask with a rebound.
10:35 of 1st period - Slapshot by Braydon Coburn.
10:35 of 1st period - Shot Blocked by Tyler Bozak.
10:42 of 1st period - Minor Penalty to Tyler Bozak for Holding.
10:43 of 1st period - Joe Thornton wins face-off versus Zach Parise in Rangers zone.
11:05 of 1st period - Wrist shot by Radim Vrbata.
11:05 of 1st period - Goal by Radim Vrbata - Rangers : 0 - Canadiens : 2.
11:06 of 1st period - Mike Ribeiro wins face-off versus Tyler Bozak in neutral zone.
11:13 of 1st period - Wrist shot by Mike Ribeiro.
11:13 of 1st period - Shot Misses the Net.
11:29 of 1st period - Snap shot by Tyler Bozak.
11:29 of 1st period - Stopped by Pekka Rinne with a rebound.
11:31 of 1st period - Snap shot by Kevin Shattenkirk.
11:31 of 1st period - Stopped by Pekka Rinne with a rebound.
11:33 of 1st period - Wrist shot by Tyler Bozak.
11:33 of 1st period - Stopped by Pekka Rinne without a rebound.
11:34 of 1st period - Logan Couture wins face-off versus Joe Thornton in Canadiens zone.
11:41 of 1st period - Wrist shot by Scott Hartnell.
11:41 of 1st period - Stopped by Pekka Rinne with a rebound.
11:43 of 1st period - Wrist shot by Logan Couture.
11:43 of 1st period - Shot Misses the Net.
11:45 of 1st period - Slapshot by Jan Hejda.
11:45 of 1st period - Shot Blocked by Joe Thornton.
11:47 of 1st period - Slapshot by Jan Hejda.
11:47 of 1st period - Shot Misses the Net.
11:49 of 1st period - Snap shot by Logan Couture.
11:49 of 1st period - Stopped by Pekka Rinne without a rebound.
11:50 of 1st period - Logan Couture wins face-off versus Joe Thornton in Canadiens zone.
12:27 of 1st period - Minor Penalty to Justin Abdelkader for Hooking.
12:28 of 1st period - Maxim Lapierre wins face-off versus Tyler Bozak in Canadiens zone.
12:28 of 1st period - Maxim Lapierre is hit by Tyler Bozak.
12:44 of 1st period - Snap shot by Kevin Shattenkirk.
12:44 of 1st period - Shot Misses the Net.
12:46 of 1st period - Slapshot by Kevin Shattenkirk.
12:46 of 1st period - Shot Misses the Net.
12:48 of 1st period - Snap shot by Kevin Shattenkirk.
12:48 of 1st period - Shot Misses the Net.
12:50 of 1st period - Slapshot by Kevin Shattenkirk.
12:50 of 1st period - Stopped by Pekka Rinne with a rebound.
12:52 of 1st period - Wrist shot by Kevin Shattenkirk.
12:52 of 1st period - Shot Blocked by Braydon Coburn.
13:22 of 1st period - Kevin Shattenkirk is hit by Gregory Campbell and loses puck.
13:31 of 1st period - Snap shot by Scott Hartnell.
13:31 of 1st period - Shot Misses the Net.
13:33 of 1st period - Slapshot by Keith Yandle.
13:33 of 1st period - Shot Blocked by Braydon Coburn.
13:35 of 1st period - Wrist shot by Logan Couture.
13:35 of 1st period - Stopped by Pekka Rinne without a rebound.
13:36 of 1st period - Tyler Bozak wins face-off versus Maxim Lapierre in Canadiens zone.
14:19 of 1st period - Snap shot by Scott Hartnell.
14:19 of 1st period - Shot Misses the Net.
14:27 of 1st period - Penalty to Justin Abdelkader is over, Justin Abdelkader is back on ice.
14:51 of 1st period - Slapshot by Joe Thornton.
14:51 of 1st period - Shot Blocked by Anton Stralman.
15:11 of 1st period - Drew Miller is hit by Ryan Callahan and loses puck.
15:20 of 1st period - Kevin Shattenkirk is hit by Braydon Coburn and loses puck.
15:27 of 1st period - Mike Weber is hit by Francois Beauchemin and loses puck.
15:56 of 1st period - Nick Spaling is hit by Alex Goligoski.
16:14 of 1st period - Justin Abdelkader is hit by Tim Sestito and loses puck.
16:27 of 1st period - Tye McGinn is hit by Joe Thornton and loses puck.
16:32 of 1st period - Snap shot by Joe Thornton.
16:32 of 1st period - Stopped by Tuukka Rask with a rebound.
16:56 of 1st period - Wrist shot by Mike Ribeiro.
16:56 of 1st period - Stopped by Tuukka Rask with a rebound.
16:58 of 1st period - Slapshot by Dennis Seidenberg.
16:58 of 1st period - Deflect By Mike Ribeiro.
16:58 of 1st period - Shot Misses the Net.
16:58 of 1st period - Puck is out of play.
16:59 of 1st period - Tyler Bozak wins face-off versus Ryan Callahan in Rangers zone.
17:01 of 1st period - Minor Penalty to Kevin Shattenkirk for Hooking.
17:02 of 1st period - Justin Abdelkader wins face-off versus Zach Parise in Rangers zone.
17:56 of 1st period - Anton Stralman is hit by Mathieu Perreault and loses puck.
18:25 of 1st period - Icing by Joe Thornton.
18:26 of 1st period - Justin Abdelkader wins face-off versus Zach Parise in Canadiens zone.
18:33 of 1st period - Logan Couture is hit by Braydon Coburn and loses puck.
18:48 of 1st period - Mike Ribeiro is hit by Mike Weber and loses puck.
19:01 of 1st period - Penalty to Kevin Shattenkirk is over, Kevin Shattenkirk is back on ice.
19:16 of 1st period - Wrist shot by Jordan Staal.
19:16 of 1st period - Shot Misses the Net.
19:30 of 1st period - Slapshot by Keith Yandle.
19:30 of 1st period - Deflect By Jaromir Jagr.
19:30 of 1st period - Stopped by Pekka Rinne without a rebound.
19:31 of 1st period - Tyler Bozak wins face-off versus Maxim Lapierre in Canadiens zone.
19:53 of 1st period - Off-side.
19:54 of 1st period - Justin Abdelkader wins face-off versus Nick Spaling in neutral zone.
Goals for this period are 0 for Rangers vs 2 for Canadiens.
Shots for this period are 8 for Rangers vs 17 for Canadiens.

2nd period


0:01 of 2nd period - Logan Couture wins face-off versus Joe Thornton in neutral zone.
0:04 of 2nd period - Slapshot by Scott Hartnell.
0:04 of 2nd period - Stopped by Pekka Rinne without a rebound.
0:05 of 2nd period - Logan Couture wins face-off versus Joe Thornton in Canadiens zone.
0:54 of 2nd period - Icing by Justin Abdelkader.
0:55 of 2nd period - Tyler Bozak wins face-off versus Joe Thornton in Canadiens zone.
1:16 of 2nd period - Wrist shot by Scott Gomez.
1:16 of 2nd period - Stopped by Tuukka Rask with a rebound.
1:26 of 2nd period - Slapshot by Tyler Bozak.
1:26 of 2nd period - Shot Misses the Net.
2:00 of 2nd period - Andrej Sekera is hit by Kevin Bieksa and loses puck.
2:23 of 2nd period - Drew Miller is hit by Ryan Callahan and loses puck.
2:32 of 2nd period - Mathieu Perreault is hit by Mike Weber and loses puck.
2:50 of 2nd period - Minor Penalty to Gregory Campbell for Holding.
2:51 of 2nd period - Maxim Lapierre wins face-off versus Logan Couture in Canadiens zone.
3:03 of 2nd period - Snap shot by Scott Hartnell.
3:03 of 2nd period - Shot Misses the Net.
3:05 of 2nd period - Slapshot by Anton Stralman.
3:05 of 2nd period - Goal by Anton Stralman - Rangers : 1 - Canadiens : 2.
3:06 of 2nd period - Joe Thornton wins face-off versus Logan Couture in neutral zone.
3:15 of 2nd period - Snap shot by Joe Thornton.
3:15 of 2nd period - Shot Misses the Net.
3:17 of 2nd period - Wrist shot by Radim Vrbata.
3:17 of 2nd period - Shot Misses the Net.
3:19 of 2nd period - Wrist shot by Alex Goligoski.
3:19 of 2nd period - Stopped by Tuukka Rask without a rebound.
3:20 of 2nd period - Joe Thornton wins face-off versus Logan Couture in Rangers zone.
3:21 of 2nd period - Snap shot by Radim Vrbata.
3:21 of 2nd period - Shot Misses the Net.
3:23 of 2nd period - Snap shot by Dennis Seidenberg.
3:23 of 2nd period - Stopped by Tuukka Rask with a rebound.
3:25 of 2nd period - Slapshot by Dennis Seidenberg.
3:25 of 2nd period - Shot Misses the Net.
3:27 of 2nd period - Slapshot by Dennis Seidenberg.
3:27 of 2nd period - Stopped by Tuukka Rask with a rebound.
3:29 of 2nd period - Snap shot by Dennis Seidenberg.
3:29 of 2nd period - Shot Misses the Net.
4:53 of 2nd period - Wrist shot by Nick Spaling.
4:53 of 2nd period - Deflect By Tye McGinn.
4:53 of 2nd period - Stopped by Pekka Rinne with a rebound.
4:55 of 2nd period - Slapshot by Andrej Sekera.
4:55 of 2nd period - Shot Blocked by Braydon Coburn.
4:57 of 2nd period - Slapshot by Andrej Sekera.
4:57 of 2nd period - Shot Blocked by Braydon Coburn.
4:59 of 2nd period - Slapshot by Mike Weber.
4:59 of 2nd period - Shot Blocked by Ryan Callahan.
5:01 of 2nd period - Slapshot by Mike Weber.
5:01 of 2nd period - Deflect By Mike Ribeiro.
5:01 of 2nd period - Stopped by Pekka Rinne with a rebound.
5:03 of 2nd period - Wrist shot by Tim Sestito.
5:03 of 2nd period - Stopped by Pekka Rinne without a rebound.
5:04 of 2nd period - Jordan Staal wins face-off versus Maxim Lapierre in Canadiens zone.
5:16 of 2nd period - Minor Penalty to Jordan Staal for Hooking.
5:17 of 2nd period - Joe Thornton wins face-off versus Zach Parise in Rangers zone.
5:33 of 2nd period - Wrist shot by Radim Vrbata.
5:33 of 2nd period - Deflect By Joe Thornton.
5:33 of 2nd period - Stopped by Tuukka Rask without a rebound.
5:34 of 2nd period - Joe Thornton wins face-off versus Zach Parise in Rangers zone.
5:57 of 2nd period - Snap shot by Radim Vrbata.
5:57 of 2nd period - Shot Blocked by Kevin Shattenkirk.
5:59 of 2nd period - Snap shot by Radim Vrbata.
5:59 of 2nd period - Stopped by Tuukka Rask with a rebound.
6:01 of 2nd period - Slapshot by Braydon Coburn.
6:01 of 2nd period - Stopped by Tuukka Rask without a rebound.
6:02 of 2nd period - Mike Ribeiro wins face-off versus Zach Parise in Rangers zone.
6:33 of 2nd period - Snap shot by Mathieu Perreault.
6:33 of 2nd period - Goal by Mathieu Perreault - Rangers : 1 - Canadiens : 3.
6:34 of 2nd period - Joe Thornton wins face-off versus Tyler Bozak in neutral zone.
6:54 of 2nd period - Wrist shot by Radim Vrbata.
6:54 of 2nd period - Shot Misses the Net.
7:27 of 2nd period - Minor Penalty to Kevin Shattenkirk for Tripping.
7:28 of 2nd period - Mike Ribeiro wins face-off versus Zach Parise in Rangers zone.
8:24 of 2nd period - Braydon Coburn is hit by Jan Hejda.
8:28 of 2nd period - Jan Hejda is hit by Radim Vrbata and loses puck.
8:41 of 2nd period - Mike Weber is hit by Ben Lovejoy and loses puck.
9:06 of 2nd period - Snap shot by Logan Couture.
9:06 of 2nd period - Deflect By Zach Parise.
9:06 of 2nd period - Shot Misses the Net.
9:06 of 2nd period - Puck is out of play.
9:07 of 2nd period - Mike Ribeiro wins face-off versus Zach Parise in Canadiens zone.
9:27 of 2nd period - Penalty to Kevin Shattenkirk is over, Kevin Shattenkirk is back on ice.
9:41 of 2nd period - Minor Penalty to Jaromir Jagr for Hooking.
9:42 of 2nd period - Tyler Bozak wins face-off versus Maxim Lapierre in Canadiens zone.
9:57 of 2nd period - Wrist shot by Tyler Bozak.
9:57 of 2nd period - Shot Misses the Net.
9:59 of 2nd period - Wrist shot by Tyler Bozak.
9:59 of 2nd period - Deflect By Michael Raffl.
9:59 of 2nd period - Shot Blocked by Gregory Campbell.
9:59 of 2nd period - Puck is out of play.
10:00 of 2nd period - Tyler Bozak wins face-off versus Maxim Lapierre in Canadiens zone.
10:09 of 2nd period - Slapshot by Nathan Gerbe.
10:09 of 2nd period - Shot Misses the Net.
10:11 of 2nd period - Slapshot by Michael Raffl.
10:11 of 2nd period - Shot Blocked by Alex Goligoski.
10:15 of 2nd period - Snap shot by Michael Raffl.
10:15 of 2nd period - Stopped by Pekka Rinne with a rebound.
10:17 of 2nd period - Slapshot by Jan Hejda.
10:17 of 2nd period - Stopped by Pekka Rinne with a rebound.
11:21 of 2nd period - Logan Couture is hit by Braydon Coburn and loses puck.
11:36 of 2nd period - Anton Stralman is hit by Justin Abdelkader and loses puck.
11:41 of 2nd period - Penalty to Jaromir Jagr is over, Jaromir Jagr is back on ice.
11:45 of 2nd period - Snap shot by Joe Thornton.
11:45 of 2nd period - Shot Blocked by Kevin Shattenkirk.
11:45 of 2nd period - Kevin Shattenkirk from Rangers is injured at 11:45 of 2nd period (Strained Left Elbow).
11:46 of 2nd period - Mike Ribeiro wins face-off versus Logan Couture in Rangers zone.
11:51 of 2nd period - Snap shot by Mike Ribeiro.
11:51 of 2nd period - Shot Misses the Net.
12:30 of 2nd period - Minor Penalty to Francois Beauchemin for Unsportsmanlike conduct.
12:31 of 2nd period - Maxim Lapierre wins face-off versus Tyler Bozak in Canadiens zone.
12:50 of 2nd period - Maxim Lapierre is hit by Michael Raffl and loses puck.
13:01 of 2nd period - Snap shot by Michael Raffl.
13:01 of 2nd period - Goal by Michael Raffl - Rangers : 2 - Canadiens : 3.
13:02 of 2nd period - Logan Couture wins face-off versus Scott Gomez in neutral zone.
13:09 of 2nd period - Wrist shot by Scott Hartnell.
13:09 of 2nd period - Shot Misses the Net.
13:11 of 2nd period - Slapshot by Zach Parise.
13:11 of 2nd period - Stopped by Pekka Rinne without a rebound.
13:12 of 2nd period - Patrick Eaves wins face-off versus Zach Parise in Canadiens zone.
13:59 of 2nd period - Off-side.
14:00 of 2nd period - Joe Thornton wins face-off versus Tyler Bozak in neutral zone.
15:41 of 2nd period - Nick Spaling is hit by Ben Lovejoy.
17:10 of 2nd period - Snap shot by Michael Raffl.
17:10 of 2nd period - Stopped by Pekka Rinne without a rebound.
17:11 of 2nd period - Mike Ribeiro wins face-off versus Jordan Staal in Canadiens zone.
17:28 of 2nd period - Snap shot by Jordan Staal.
17:28 of 2nd period - Shot Blocked by Mathieu Perreault.
17:30 of 2nd period - Slapshot by Jan Hejda.
17:30 of 2nd period - Stopped by Pekka Rinne without a rebound.
17:31 of 2nd period - Mike Ribeiro wins face-off versus Jordan Staal in Canadiens zone.
17:55 of 2nd period - Mike Ribeiro is hit by Drew Miller and loses puck.
18:32 of 2nd period - Snap shot by Scott Gomez.
18:32 of 2nd period - Shot Misses the Net.
18:34 of 2nd period - Wrist shot by Alex Goligoski.
18:34 of 2nd period - Shot Misses the Net.
18:36 of 2nd period - Wrist shot by Patrick Eaves.
18:36 of 2nd period - Stopped by Tuukka Rask without a rebound.
18:37 of 2nd period - Logan Couture wins face-off versus Joe Thornton in Rangers zone.
19:06 of 2nd period - Wrist shot by Radim Vrbata.
19:06 of 2nd period - Stopped by Tuukka Rask with a rebound.
19:08 of 2nd period - Snap shot by Joe Thornton.
19:08 of 2nd period - Shot Misses the Net.
19:10 of 2nd period - Slapshot by Justin Abdelkader.
19:10 of 2nd period - Shot Misses the Net.
19:12 of 2nd period - Slapshot by Braydon Coburn.
19:12 of 2nd period - Stopped by Tuukka Rask without a rebound.
19:13 of 2nd period - Maxim Lapierre wins face-off versus Tye McGinn in Rangers zone.
19:26 of 2nd period - Slapshot by Alex Goligoski.
19:26 of 2nd period - Shot Blocked by Mike Weber.
19:28 of 2nd period - Snap shot by Dennis Seidenberg.
19:28 of 2nd period - Deflect By Maxim Lapierre.
19:28 of 2nd period - Shot Misses the Net.
19:28 of 2nd period - Puck is out of play.
19:29 of 2nd period - Maxim Lapierre wins face-off versus Nick Spaling in Rangers zone.
19:33 of 2nd period - Minor Penalty to Tim Sestito for Tripping.
19:34 of 2nd period - Zach Parise wins face-off versus Joe Thornton in Rangers zone.
19:38 of 2nd period - Justin Abdelkader is hit by Logan Couture.
19:42 of 2nd period - Snap shot by Radim Vrbata.
19:42 of 2nd period - Stopped by Tuukka Rask with a rebound.
19:44 of 2nd period - Slapshot by Francois Beauchemin.
19:44 of 2nd period - Canadiens goal is going for a video replay.
19:44 of 2nd period - The goal is good.
19:44 of 2nd period - Goal by Francois Beauchemin - Rangers : 2 - Canadiens : 4.
19:45 of 2nd period - Joe Thornton wins face-off versus Logan Couture in neutral zone.
Goals for this period are 2 for Rangers vs 2 for Canadiens.
Shots for this period are 11 for Rangers vs 13 for Canadiens.

3rd period


0:01 of 3rd period - Logan Couture wins face-off versus Mike Ribeiro in neutral zone.
0:54 of 3rd period - Dennis Seidenberg is hit by Nathan Gerbe and loses puck.
1:13 of 3rd period - Snap shot by Nathan Gerbe.
1:13 of 3rd period - Stopped by Pekka Rinne without a rebound.
1:14 of 3rd period - Jordan Staal wins face-off versus Scott Gomez in Canadiens zone.
1:36 of 3rd period - Minor Penalty to Francois Beauchemin for Tripping.
1:37 of 3rd period - Logan Couture wins face-off versus Maxim Lapierre in Canadiens zone.
2:29 of 3rd period - Snap shot by Tyler Bozak.
2:29 of 3rd period - Shot Misses the Net.
2:31 of 3rd period - Snap shot by Nathan Gerbe.
2:31 of 3rd period - Shot Blocked by Alex Goligoski.
2:33 of 3rd period - Slapshot by Jan Hejda.
2:33 of 3rd period - Shot Blocked by Maxim Lapierre.
2:35 of 3rd period - Wrist shot by Nathan Gerbe.
2:35 of 3rd period - Shot Blocked by Alex Goligoski.
2:37 of 3rd period - Backhand shot by Michael Raffl.
2:37 of 3rd period - Shot Misses the Net.
2:39 of 3rd period - Slapshot by Jan Hejda.
2:39 of 3rd period - Stopped by Pekka Rinne with a rebound.
2:41 of 3rd period - Snap shot by Nathan Gerbe.
2:41 of 3rd period - Shot Blocked by Gregory Campbell.
2:43 of 3rd period - Snap shot by Michael Raffl.
2:43 of 3rd period - Shot Misses the Net.
2:45 of 3rd period - Wrist shot by Jan Hejda.
2:45 of 3rd period - Shot Blocked by Alex Goligoski.
2:47 of 3rd period - Wrist shot by Michael Raffl.
2:47 of 3rd period - Shot Misses the Net.
3:01 of 3rd period - Wrist shot by Scott Hartnell.
3:01 of 3rd period - Stopped by Pekka Rinne with a rebound.
3:03 of 3rd period - Wrist shot by Scott Hartnell.
3:03 of 3rd period - Shot Misses the Net.
3:05 of 3rd period - Slapshot by Keith Yandle.
3:05 of 3rd period - Goal by Keith Yandle - Rangers : 3 - Canadiens : 4.
3:06 of 3rd period - Jordan Staal wins face-off versus Joe Thornton in neutral zone.
3:55 of 3rd period - Wrist shot by Mathieu Perreault.
3:55 of 3rd period - Shot Misses the Net.
4:03 of 3rd period - Dennis Seidenberg is hit by Tyler Bozak and loses puck.
4:08 of 3rd period - Wrist shot by Nathan Gerbe.
4:08 of 3rd period - Stopped by Pekka Rinne with a rebound.
4:14 of 3rd period - Slapshot by Mathieu Perreault.
4:14 of 3rd period - Stopped by Tuukka Rask with a rebound.
4:16 of 3rd period - Snap shot by Dennis Seidenberg.
4:16 of 3rd period - Stopped by Tuukka Rask with a rebound.
4:41 of 3rd period - Off-side.
4:42 of 3rd period - Scott Gomez wins face-off versus Logan Couture in neutral zone.
4:53 of 3rd period - Wrist shot by Jaromir Jagr.
4:53 of 3rd period - Stopped by Tuukka Rask with a rebound.
5:42 of 3rd period - Keith Yandle is hit by Radim Vrbata and loses puck.
6:22 of 3rd period - Chris Terry is hit by Ryan Callahan and loses puck.
6:31 of 3rd period - Backhand shot by Ryan Callahan.
6:31 of 3rd period - Stopped by Tuukka Rask with a rebound.
6:33 of 3rd period - Slapshot by Dennis Seidenberg.
6:33 of 3rd period - Stopped by Tuukka Rask with a rebound.
6:35 of 3rd period - Slapshot by Alex Goligoski.
6:35 of 3rd period - Shot Blocked by Mike Weber.
6:54 of 3rd period - Snap shot by Braydon Coburn.
6:54 of 3rd period - Stopped by Tuukka Rask without a rebound.
6:55 of 3rd period - Tyler Bozak wins face-off versus Maxim Lapierre in Rangers zone.
7:11 of 3rd period - Minor Penalty to Francois Beauchemin for Holding.
7:12 of 3rd period - Maxim Lapierre wins face-off versus Logan Couture in Canadiens zone.
7:37 of 3rd period - Slapshot by Logan Couture.
7:37 of 3rd period - Shot Misses the Net.
7:47 of 3rd period - Snap shot by Scott Hartnell.
7:47 of 3rd period - Goal by Scott Hartnell - Rangers : 4 - Canadiens : 4.
7:48 of 3rd period - Nathan Gerbe wins face-off versus Scott Gomez in neutral zone.
8:52 of 3rd period - Snap shot by Logan Couture.
8:52 of 3rd period - Shot Misses the Net.
8:54 of 3rd period - Snap shot by Logan Couture.
8:54 of 3rd period - Shot Misses the Net.
8:56 of 3rd period - Slapshot by Jan Hejda.
8:56 of 3rd period - Shot Misses the Net.
9:14 of 3rd period - Drew Miller is hit by Dennis Seidenberg and loses puck.
9:23 of 3rd period - Wrist shot by Jordan Staal.
9:23 of 3rd period - Shot Misses the Net.
9:45 of 3rd period - Wrist shot by Jordan Staal.
9:45 of 3rd period - Stopped by Pekka Rinne without a rebound.
9:46 of 3rd period - Joe Thornton wins face-off versus Nick Spaling in Canadiens zone.
10:01 of 3rd period - Snap shot by Radim Vrbata.
10:01 of 3rd period - Shot Misses the Net.
10:03 of 3rd period - Snap shot by Justin Abdelkader.
10:03 of 3rd period - Stopped by Tuukka Rask without a rebound.
10:04 of 3rd period - Maxim Lapierre wins face-off versus Nick Spaling in Rangers zone.
10:12 of 3rd period - Slapshot by Kevin Bieksa.
10:12 of 3rd period - Stopped by Tuukka Rask without a rebound.
10:13 of 3rd period - Logan Couture wins face-off versus Maxim Lapierre in Rangers zone.
10:44 of 3rd period - Snap shot by Logan Couture.
10:44 of 3rd period - Shot Blocked by Kevin Bieksa.
10:46 of 3rd period - Wrist shot by Scott Hartnell.
10:46 of 3rd period - Shot Misses the Net.
10:50 of 3rd period - Snap shot by Scott Hartnell.
10:50 of 3rd period - Shot Blocked by Ben Lovejoy.
11:00 of 3rd period - Slapshot by Keith Yandle.
11:00 of 3rd period - Stopped by Pekka Rinne with a rebound.
13:25 of 3rd period - Wrist shot by Mike Ribeiro.
13:25 of 3rd period - Stopped by Tuukka Rask with a rebound.
13:27 of 3rd period - Snap shot by Dennis Seidenberg.
13:27 of 3rd period - Shot Blocked by Mike Weber.
14:54 of 3rd period - Ben Lovejoy is hit by Mike Weber and loses puck.
15:02 of 3rd period - Alex Goligoski is hit by Andrej Sekera and loses puck.
15:31 of 3rd period - Mike Ribeiro is hit by Michael Raffl.
16:17 of 3rd period - Minor Penalty to Chris Terry for Hooking.
16:18 of 3rd period - Zach Parise wins face-off versus Joe Thornton in Rangers zone.
17:52 of 3rd period - Tyler Bozak is hit by Ryan Callahan and loses puck.
18:17 of 3rd period - Penalty to Chris Terry is over, Chris Terry is back on ice.
19:26 of 3rd period - Snap shot by Justin Fontaine.
19:26 of 3rd period - Stopped by Tuukka Rask without a rebound.
19:27 of 3rd period - Maxim Lapierre wins face-off versus Tyler Bozak in Rangers zone.
19:58 of 3rd period - Andrej Sekera is hit by Francois Beauchemin and loses puck.
Goals for this period are 2 for Rangers vs 0 for Canadiens.
Shots for this period are 8 for Rangers vs 10 for Canadiens.

Overtime #1


0:01 of 1st overtime period - Mike Ribeiro wins face-off versus Zach Parise in neutral zone.
0:08 of 1st overtime period - Snap shot by Justin Abdelkader.
0:08 of 1st overtime period - Shot Misses the Net.
0:22 of 1st overtime period - Snap shot by Logan Couture.
0:22 of 1st overtime period - Stopped by Pekka Rinne without a rebound.
0:23 of 1st overtime period - Mike Ribeiro wins face-off versus Zach Parise in Canadiens zone.
0:59 of 1st overtime period - Icing by Logan Couture.
1:00 of 1st overtime period - Zach Parise wins face-off versus Mike Ribeiro in Rangers zone.
1:31 of 1st overtime period - Francois Beauchemin is hit by Logan Couture and loses puck.
2:12 of 1st overtime period - Dennis Seidenberg is hit by Andrej Sekera and loses puck.
2:31 of 1st overtime period - Wrist shot by Keith Yandle.
2:31 of 1st overtime period - Shot Misses the Net.
2:49 of 1st overtime period - Drew Miller is hit by Alex Goligoski and loses puck.
3:00 of 1st overtime period - Slapshot by Keith Yandle.
3:00 of 1st overtime period - Deflect By Jordan Staal.
3:00 of 1st overtime period - Shot Misses the Net.
3:00 of 1st overtime period - Puck is out of play.
3:01 of 1st overtime period - Jordan Staal wins face-off versus Mike Ribeiro in Canadiens zone.
3:09 of 1st overtime period - Off-side.
3:10 of 1st overtime period - Mike Ribeiro wins face-off versus Zach Parise in neutral zone.
3:25 of 1st overtime period - Braydon Coburn is hit by Mike Weber and loses puck.
3:44 of 1st overtime period - Slapshot by Jordan Staal.
3:44 of 1st overtime period - Stopped by Pekka Rinne without a rebound.
3:45 of 1st overtime period - Mike Ribeiro wins face-off versus Jordan Staal in Canadiens zone.
4:18 of 1st overtime period - Keith Yandle is hit by Joe Thornton and loses puck.
4:42 of 1st overtime period - Snap shot by Scott Hartnell.
4:42 of 1st overtime period - Shot Blocked by Francois Beauchemin.
Goals for this period are 0 for Rangers vs 0 for Canadiens.
Shots for this period are 2 for Rangers vs 0 for Canadiens.

ShootOut


5:00 of 1st overtime period - Penalty Shot by Zach Parise for Rangers.
5:00 of 1st overtime period - Backhand shot by Zach Parise.
5:00 of 1st overtime period - Stopped by Pekka Rinne.
5:00 of 1st overtime period - Penalty Shot by Radim Vrbata for Canadiens.
5:00 of 1st overtime period - Deke by Radim Vrbata.
5:00 of 1st overtime period - Goal by Radim Vrbata.
5:00 of 1st overtime period - Penalty Shot by Logan Couture for Rangers.
5:00 of 1st overtime period - Deke by Logan Couture.
5:00 of 1st overtime period - Shot Misses the Net.
5:00 of 1st overtime period - Penalty Shot by Maxim Lapierre for Canadiens.
5:00 of 1st overtime period - Snap shot by Maxim Lapierre.
5:00 of 1st overtime period - Stopped by Tuukka Rask.
5:00 of 1st overtime period - Penalty Shot by Tyler Bozak for Rangers.
5:00 of 1st overtime period - Snap shot by Tyler Bozak.
5:00 of 1st overtime period - Goal by Tyler Bozak.
5:00 of 1st overtime period - Penalty Shot by Justin Abdelkader for Canadiens.
5:00 of 1st overtime period - Wrist shot by Justin Abdelkader.
5:00 of 1st overtime period - Stopped by Tuukka Rask.
5:00 of 1st overtime period - Penalty Shot by Scott Hartnell for Rangers.
5:00 of 1st overtime period - Backhand shot by Scott Hartnell.
5:00 of 1st overtime period - Stopped by Pekka Rinne.
5:00 of 1st overtime period - Penalty Shot by Mike Ribeiro for Canadiens.
5:00 of 1st overtime period - Deke by Mike Ribeiro.
5:00 of 1st overtime period - Goal by Mike Ribeiro.